Map: Chain of Ascension

Players

ZPR

  • Race: Zerg Zerg
  • Spawn Location: 11:00

zpr

  • Race: Terran Terran
  • Spawn Location: 11:00

VOD

Have the link to the VOD?

Description

Time

  • Played on: Feb. 2, 2018, 11:22 a.m.
  • Length: 16:25
Show
View Real Time Build Order
Export as new Build Order

ZPR Zerg 

Build Orders:  

Get SALT Encoding   

  12  0:05  Drone  
  13  0:12  Drone  
  14  0:22  Drone, Extractor  
  15  0:32  Overlord  
  15  1:03  Hatchery  
  15  1:08  Drone  
  15  1:13  Drone  
  15  1:18  Drone  
  17  1:23  Drone  
  18  1:33  Drone  
  19  1:49  Spawning Pool  
  18  1:53  Drone  
  19  2:04  Drone x2  
  21  2:19  Queen  
  23  2:20  Drone  
  23  2:23  Extractor  
  23  2:25  Extractor  
  23  2:29  Drone  
  23  2:33  Drone  
  24  2:40  Evolution Chamber  
  24  2:44  Drone  
  24  2:48  Drone  
  25  2:58  Overlord  
  25  3:02  Drone  
  25  3:08  Drone  
  27  3:18  Drone  
  28  3:21  Heroic Fortitude  
  28  3:28  Drone  
  29  3:35  Lair  
  29  3:45  Zerg Missile Weapons Level 1  
  29  3:47  Drone  
  30  3:55  Drone x2  
  32  4:02  Overlord  
  32  4:14  Drone x4  
  36  4:38  Hatchery  
  35  4:42  Nydus Network  
  34  4:53  Drone  
  35  5:01  Drone x2  
  35  5:02  Drone  
  35  5:09  Extractor  
  37  5:12  Extractor  
  36  5:21  Drone x4  
  40  5:38  Chain Reaction  
  40  5:41  Hydralisk Den  
  40  5:43  Omega Worm  
  39  5:54  Drone  
  39  5:55  Drone x5  
  45  6:05  Drone  
  45  6:06  Drone  
  47  6:10  Overlord  
  47  6:23  Hive  
  47  6:25  Drone x2  
  49  6:38  Overlord  
  49  6:44  Omega Worm  
  49  6:58  Zerg Missile Weapons Level 2  
  57  7:02  Overlord, Hydralisk x4  
  57  7:11  Nydus Network  
  57  7:12  Muscular Augments  
  62  7:34  Hydralisk x3  
  62  7:49  Hydralisk x2  
  66  7:51  Omega Worm  
  66  7:56  Hydralisk x2  
  70  8:22  Frenzy  
  70  8:23  Ability Efficiency  
  74  8:30  Overlord x2  
  74  8:33  Hydralisk  
  74  8:34  Hydralisk  
  74  8:49  Overlord x2  
  74  8:56  Omega Worm  
  72  9:11  Zerg Missile Weapons Level 3  
  76  9:22  Hydralisk x2  
  89  9:33  Hydralisk x7  
  89  9:36  Hydralisk x3  
  93  9:49  Hydralisk x2  
  101  9:50  Hydralisk x2  
  101  9:56  Omega Worm  
  101  10:14  Overlord x5  
  101  10:18  Hydralisk x2  
  105  10:26  Omega Worm  
  105  10:37  Ancillary Carapace  
  105  10:38  Hydralisk x3  
  105  10:39  Hydralisk  
  103  10:57  Omega Worm  
  109  11:11  Hydralisk x3  
  109  11:12  Hydralisk x2  
  109  11:29  Omega Worm, Hydralisk x3  
  117  11:50  Hydralisk x3  
  117  11:57  Hydralisk  
  119  12:07  Overlord x2  
  125  12:14  Hydralisk x3  
  125  12:21  Omega Worm  
  129  12:31  Hydralisk x3  
  129  12:34  Omega Worm  
  129  12:47  Hydralisk  
  131  12:50  Hydralisk x2  
  141  13:11  Hydralisk x5  
  141  13:12  Hydralisk  
  153  13:33  Overlord x2  
  153  13:34  Hydralisk x3  
  153  13:35  Hydralisk x3  
  153  13:39  Omega Worm  
  153  13:58  Omega Worm, Hydralisk x4  
  169  14:24  Hydralisk x4  
  169  14:43  Omega Worm  
  169  14:46  Hydralisk x3  
  177  14:55  Hydralisk  
  177  15:21  Omega Worm  
  177  15:51  Hydralisk  
  177  15:52  Hydralisk x5  
Show
View Real Time Build Order
Export as new Build Order

zpr Terran 

Build Orders:  

Get SALT Encoding   

  12  0:14  SCV  
Tags
 
Add a new tag
Caveats
  • Supply blocks, unpowered buildings, or Contaminate may cause inaccurate times.
  • Supply counts are checked every 10 seconds.